 Dungeon Crawl Stone Soup version 0.21-a0-344-g2144152 (webtiles) character file.

9 tidbits the Caller (level 2, -1/11 HPs)
             Began as a Felid Summoner on Oct 4, 2017.
             Slain by an adder (4 damage)
             ... on level 2 of the Dungeon.
             The game lasted 00:02:30 (419 turns).

tidbits the Caller (Felid Summoner)                  Turns: 419, Time: 00:02:31

Health: -1/11      AC:  1    Str:  4    XL:     2   Next: 6%
Magic:  3/6        EV: 18    Int: 16    God:
Gold:   31         SH:  0    Dex: 16    Spells: 4/5 levels left
                                        Lives:  0   Deaths: 0

rFire    . . .     SeeInvis +     - Unarmed
rCold    . . .     Gourm    .   (shield unavailable)
rNeg     . . .     Faith    .   (armour unavailable)
rPois    .         Spirit   .   (helmet unavailable)
rElec    .         Reflect  .   (cloak unavailable)
rCorr    .         Harm     .   (gloves unavailable)
MR       .....                  (boots unavailable)
Stlth    +++.......             (no amulet)
HPRegen  0.03/turn              (no ring)
MPRegen  0.10/turn              (no ring)

@: quick
A: no armour, no weapons or thrown items, stealth, claws 1, fangs 3, see
invisible, carnivore 3, speed 1, shaggy fur 1, slow metabolism 1, sharp paws
a: no special abilities


You were on level 2 of the Dungeon.
You were not hungry.

You visited 1 branch of the dungeon, and saw 2 of its levels.

You collected 31 gold pieces.

Inventory:

Scrolls
 c - a scroll of random uselessness {unknown}
Books
 a - a book of Callings

   Spells                             Type                      Level
   a - Summon Small Mammal            Summoning                    1
   b - Call Imp                       Summoning                    2
   c - Call Canine Familiar           Summoning                    3
   d - Summon Guardian Golem          Hexes/Summoning              3
   e - Summon Lightning Spire         Summoning/Air                4
   f - Summon Ice Beast               Ice/Summoning                4
Comestibles
 b - a meat ration


   Skills:
 - Level 2.6 Dodging
 + Level 2.8 Stealth
 * Level 1.6 Unarmed Combat
 - Level 2.0 Spellcasting
 - Level 4.0 Summonings


You had 4 spell levels left.
You knew the following spells:

 Your Spells              Type           Power        Failure   Level  Hunger
a - Summon Small Mammal   Summ           ##..         4%          1    #......


Dungeon Overview and Level Annotations

Branches:
Dungeon (2/15)

Altars:


Innate Abilities, Weirdness & Mutations

You cannot wear armour.
You are incapable of wielding weapons or throwing items.
Your paws allow you to move quietly. (Stealth)
You have sharp claws.
You have razor-sharp teeth.
You have supernaturally acute eyesight. (SInv)
You are carnivorous and can eat meat at any time.
You cover ground quickly.
You are covered in fur. (AC +1)
You have a slow metabolism.
Your sharp claws are effective at attacking unaware monsters.


Message History

You now have 31 gold pieces (gained 9).
There is a stone staircase leading down here.
You climb downwards.
A bat and a hobgoblin come into view.
The hobgoblin shouts!
You hear a shout!
You hear an angry hiss.
Found a mace, a hand axe, a whip and 8 gold pieces.
There is a stone staircase leading up here.
Casting: Summon Small Mammal
Confirm with . or Enter, or press ? or * to list all spells.
A kobold comes into view. It is wielding a short sword.
The kobold throws a stone.
The stone misses you.
Casting: Summon Small Mammal
Confirm with . or Enter, or press ? or * to list all spells.
The bat completely misses you.
Your bat closely misses the hobgoblin.
The hobgoblin hits your bat with a club.
The kobold throws a stone.
The stone misses you.
An adder comes into view.
Your bat hits the hobgoblin. The bat closely misses you.
Your bat hits the hobgoblin but does no damage.
The kobold throws a stone.
The stone misses you.
You barely miss the bat. Your bite misses the bat.
Your bat barely misses the hobgoblin.
The bat misses you.
Your bat barely misses the hobgoblin.
Your bat hits the hobgoblin but does no damage.
Your quokka closely misses the bat.
The bat hits you.
You scratch the bat.
The bat is moderately wounded.
The bat hits you but does no damage.
Your bat barely misses the hobgoblin.
The bat closely misses you. The hobgoblin closely misses you.
Your quokka bites the bat but does no damage.
The adder bites your bat.
Your bat dies!
Your bat's corpse disappears in a puff of smoke!
The bat barely misses you. The bat misses you.
Your quokka bites the bat.
The bat dies!
You have reached level 2!
The hobgoblin hits you with a club.
You climb upwards.
Your summoned ally is left behind.
There is a stone staircase leading down here.
Casting: Summon Small Mammal
Confirm with . or Enter, or press ? or * to list all spells.
The hobgoblin misses you. The hobgoblin misses you.
Your rat barely misses the hobgoblin.
You completely miss the hobgoblin.
The hobgoblin is moderately wounded.
The hobgoblin completely misses you.
Your rat bites the hobgoblin.
You barely miss the hobgoblin.
The hobgoblin is heavily wounded.
The hobgoblin hits you with a club.
* * * LOW HITPOINT WARNING * * *
Your rat misses the hobgoblin. You barely miss the hobgoblin.
The hobgoblin is heavily wounded.
Your rat bites the hobgoblin.
The hobgoblin dies!
You swap places.
A goblin comes into view. It is wielding a dagger.
The goblin shouts!
Your rat disappears in a puff of smoke!
The goblin hits you with a dagger.
* * * LOW HITPOINT WARNING * * *
Casting: Summon Small Mammal
Confirm with . or Enter, or press ? or * to list all spells.
The goblin completely misses you.
Your bat hits the goblin. The goblin hits you with a dagger.
* * * LOW HITPOINT WARNING * * *
Your bat hits the goblin.
Your bat barely misses the goblin.
What are your orders? t - Meow!
Orders for allies: a - Attack new target. r - Retreat! s - Stop attacking. g - Guard the area. f - Follow me.
Anything else - Cancel.
Gang up on whom?
Press: ? - help, Dir - move target cursor, f - goblin
Aim: a goblin, wielding a dagger (heavily wounded) Attack!
Your bat hits the goblin.
Your bat closely misses the goblin.
Found a stone staircase leading down.
Your bat hits the goblin.
The goblin dies!
You swap places.
Your bat disappears in a puff of smoke!
There is a stone staircase leading down here.
Casting: Summon Small Mammal
Confirm with . or Enter, or press ? or * to list all spells.
You climb downwards.
Your summoned ally is left behind.
A bat, an adder and a giant cockroach come into view.
Found 19 poisoned needles.
Found a stone staircase leading down.
There is a stone staircase leading up here.
Casting: Summon Small Mammal
Confirm with . or Enter, or press ? or * to list all spells.
The adder hisses angrily.
Your bat closely misses the adder.
Your bat hits the adder but does no damage.
Casting: Summon Small Mammal
Confirm with . or Enter, or press ? or * to list all spells.
Your bat misses the adder. The adder bites you.
You die...

... ...## ..
....### .b
....... #.
..#....
#.#......#
##..b.....#
#####..s.......
>......@#
#......S#
....##..# .##
#(.# ..b# ..#..
.#### ..


You could see an adder, a giant cockroach, a bat (sleeping) and 2 friendly bats.

Vanquished Creatures
  A leopard gecko (D:1)
  A giant cockroach (D:1)
  A hobgoblin (D:1)
  A kobold (D:1)
  A bat (D:1)
  A rat (D:1)
6 creatures vanquished.

Vanquished Creatures (collateral kills)
  2 bats
  A goblin (D:1)
  2 hobgoblins (D:1)
5 creatures vanquished.

Grand Total: 11 creatures vanquished

Notes
Turn   | Place    | Note
-------+----------+-------------------------------------------
     0 | D:1      | tidbits the Felid Summoner began the quest for the Orb.
     0 | D:1      | Reached XP level 1. HP: 7/7 MP: 4/4
    69 | D:1      | Reached skill level 1 in Unarmed Combat
   335 | D:2      | Reached XP level 2. HP: 7/11 MP: 3/6
   419 | D:2      | Slain by an adder

Vault maps used:
D:1:      tarquinn_simple_flora_water_c, minmay_misc_feat_enclosed
D:2:      uniq_natasha

Skill      XL: |  1 |
---------------+----+-----
Unarmed Combat | 1 |  1.6
Dodging        | |  2.6
Stealth        | |  2.8
Spellcasting   | |  2.0
Summonings     | |  4.0

Action                   || total
-------------------------++-------
Melee: Unarmed           ||    27
 Cast: Summon Small Mamm ||    17
 Stab: Sleeping          ||     3
  Eat: Chunk             ||     2
Armor: Skin              ||     3
Dodge: Dodged            ||    44

Table legend:
 A = Spawn XP
 B = Non-spawn XP
 C = Spawn XP percentage of total XP
 D = Spawn monster count
 E = Non-spawn monster count
 F = Spawn count percentage of total count
 G = Total turns spent on level
                    A         B        C        D         E        F      G
               +---------+---------+-------+---------+---------+-------+---------
         Total |       0 |      14 |   0.0 |       0 |      11 |   0.0 |   419
               +---------+---------+-------+---------+---------+-------+---------
           D:1 |       0 |      13 |   0.0 |       0 |      10 |   0.0 |   407
           D:2 |       0 |       1 |   0.0 |       0 |       1 |   0.0 |    12
               +---------+---------+-------+---------+---------+-------+---------

Table legend:
 A = Turns spent in this place as a percentage of turns spent in the entire game.
 B = Non-inter-level travel turns spent in this place as a percentage of non-inter-level travel turns spent in the entire game.
 C = Inter-level travel turns spent in this place as a percentage of turns spent in this place.
 D = Turns resting spent in this place as a percentage of non-inter-level travel turns spent in this place.
 E = Turns spent auto-exploring this place as a percentage of non-inter-level travel turns spent in this place.
 F = Non-inter-level travel turns spent in this place divided by the number of levels of this place that you've seen.
                   A       B       C       D       E      F
               +-------+-------+-------+-------+-------+----------------------
         Total | 100.0 | 100.0 |   0.0 |   0.0 |   0.0 | 209.5
       Dungeon | 100.0 | 100.0 |   0.0 |   0.0 |   0.0 | 209.5
               +-------+-------+-------+-------+-------+----------------------

Table legend:
 A = Kills in this place as a percentage of kills in entire the game.
 B = Kills by you in this place as a percentage of kills by you in the entire game.
 C = Kills by friends in this place as a percentage of kills by friends in the entire game.
 D = Other kills in this place as a percentage of other kills in the entire game.
 E = Experience gained in this place as a percentage of experience gained in the entire game.
 F = Experience gained in this place divided by the number of levels of this place that you have seen.
                   A       B       C       D       E      F
               +-------+-------+-------+-------+-------+----------------------
         Total | 100.0 | 100.0 | 100.0 |   N/A | 100.0 |   7.0
       Dungeon | 100.0 | 100.0 | 100.0 |   N/A | 100.0 |   7.0
               +-------+-------+-------+-------+-------+----------------------

Vault maps used:
D:1:      tarquinn_simple_flora_water_c, minmay_misc_feat_enclosed
D:2:      uniq_natasha
